 Dungeon Crawl Stone Soup version 0.14.0-20-g75a2fc2 (webtiles) character file.

25 Duskembrace the Caller (level 1, 0/7 HPs)
             Began as a Felid Summoner on Apr 21, 2014.
             Succumbed to a kobold's poison
             ... on Level 1 of the Dungeon.
             The game lasted 00:02:04 (766 turns).

Duskembrace the Caller (Felid Summoner)              Turns: 766, Time: 00:02:04

HP   0/7         AC  1     Str  4      XL: 1   Next: 83%
MP   2/4         EV 18     Int 16      God:
Gold 18          SH  0     Dex 16      Spells:  1 memorised,  3 levels left
Lives: 0, deaths: 0

rFire  . . .     SeeInvis +     (weapon unavailable)
rCold  . . .     Clarity  .     (armour unavailable)
rNeg   . . .     Conserve .     (shield unavailable)
rPois  .         rCorr    .     (helmet unavailable)
rElec  .         rRot     .     (cloak unavailable)
SustAb . .       Spirit   .     (gloves unavailable)
rMut   .         Warding  .     (boots unavailable)
Saprov . . .     Stasis   .     (no amulet)
MR     .....                    (no ring)
                                (no ring)

@: lethally poisoned, quick, not resistant to hostile enchantments, stealthy
A: paw claws, no armour, no weapons or thrown items, fangs 3, see invisible,
carnivore 3, speed 1, shaggy fur 1, slow metabolism 1, jump 1
a: Jump Attack


You were on level 1 of the Dungeon.
You were full.

You visited 1 branch of the dungeon, and saw 1 of its levels.

You collected 18 gold pieces.

Inventory:

Comestibles
 c - a meat ration
Books
 b - a book of Callings

   Spells                             Type                      Level
   *Summon Small Mammal               Summoning                    1
   Call Imp                           Summoning                    2
   Call Canine Familiar               Summoning                    3
   Summon Guardian Golem              Hexes/Summoning              4
   Summon Lightning Spire             Summoning/Air                4
   Summon Ice Beast                   Ice/Summoning                4


   Skills:
 + Level 3.0 Dodging
 - Level 2.6 Stealth
 + Level 2.0 Spellcasting
 + Level 4.2 Summonings


You had 3 spell levels left.
You knew the following spells:

 Your Spells              Type           Power        Failure   Level  Hunger
a - Summon Small Mammal   Summ           ###.         4%          1    #......


Dungeon Overview and Level Annotations

Branches:
Dungeon (1/15)

Altars:


Innate Abilities, Weirdness & Mutations

You cannot wear armour.
You are incapable of wielding weapons or throwing items.
Your paws have sharp claws.
You have razor-sharp teeth.
You have supernaturally acute eyesight.
You are carnivorous and can eat meat at any time.
You cover ground quickly.
You are covered in fur (AC +1).
You have a slow metabolism.
You can jump attack at a short distance.


Message History

Your rat barely misses the kobold.
The kobold barely misses your bat.
You see here a dart.
Drink which item? (? for menu, Esc to quit)
You feel much better.
It was a potion of heal wounds.
You feel sick.
Your bat barely misses the kobold.
Your rat misses the kobold. The kobold closely misses your bat.
You feel sick.
Your bat misses the kobold.
Your rat bites the kobold.
The kobold barely misses your rat.
You feel sick.
Your bat barely misses the kobold.
Your rat bites the kobold.
* * * LOW HITPOINT WARNING * * *
You feel sick.
Your bat closely misses the kobold.
The kobold hits your rat with a dagger of venom.
Your rat dies!
Your rat's corpse disappears in a puff of smoke!
* * * LOW HITPOINT WARNING * * *
You feel sick.
Your bat closely misses the kobold.
The kobold hits your bat with a dagger of venom.
Your bat dies!
Your bat's corpse disappears in a puff of smoke!
You die...

##### #########...#
#.......#...#
#.......#...#######
#.(............(...
##.###########...##
#@# #..... #.#
###... ##.## #...
#.(.# #### #...#
#..§K.# #....##
#....# ####.#


You could see a kobold.

Vanquished Creatures
  A giant gecko (D:1)
  A goblin (D:1)
  A giant newt (D:1)
  2 rats (D:1)
5 creatures vanquished.

Vanquished Creatures (collateral kills)
  A hobgoblin (D:1)
  A giant newt (D:1)
  A kobold (D:1)
  A rat (D:1)
4 creatures vanquished.

Vanquished Creatures (others)
  2 bats (D:1)
  3 rats (D:1)
5 creatures vanquished.

Grand Total: 14 creatures vanquished

Notes
Turn   | Place    | Note
--------------------------------------------------------------
     0 | D:1      | Duskembrace, the Felid Summoner, began the quest for the Orb.
     0 | D:1      | Reached XP level 1. HP: 7/7 MP: 4/4
   766 | D:1      | Succumbed to a kobold's poison

Action                   || total
-------------------------++-------
Melee: Unarmed           ||    16
 Cast: Summon Small Mamm ||    14
  Use: Potion            ||     1
